 Dungeon Crawl Stone Soup version 0.27-a0-1189-gb8eb6cee8e (webtiles) character file.

Game seed: 15568330406712573760

3684 RepHenryClay the Jinx (level 9, 0/45 HPs)
             Began as a Deep Elf Conjurer on May 22, 2021.
             Was a Believer of Vehumet.
             Slain by a wraith (9 damage)
             ... on level 9 of the Dungeon on May 23, 2021.
             The game lasted 00:20:51 (9726 turns).

RepHenryClay the Jinx (Deep Elf Conjurer)           Turns: 9726, Time: 00:20:52

Health: 0/45       AC:  4    Str: 10    XL:     9   Next: 90%
Magic:  17/22      EV: 15    Int: 25    God:    Vehumet [**....]
Gold:   446        SH:  0    Dex: 15    Spells: 9/23 levels left

rFire    + . .     SeeInvis .   a - +1 dagger (drain)
rCold    . . .     Faith    .   (no shield)
rNeg     . . .     Spirit   .   x - +0 robe
rPois    .         Reflect  .   (no helmet)
rElec    .         Harm     .   n - +0 cloak
rCorr    .         Rampage  .   i - +0 pair of gloves
Will     .....                  (no boots)
Stlth    +++.......             d - amulet of magic regeneration
HPRegen  0.15/turn              v - ring of protection from fire
MPRegen  0.43/turn              f - +6 ring of strength

@: slowed, very slow
A: no striking features
a: Renounce Religion


You were on level 9 of the Dungeon.
You worshipped Vehumet.
Vehumet was pleased with you.
You visited 2 branches of the dungeon, and saw 10 of its levels.

You collected 446 gold pieces.

Inventory:

Hand Weapons
 a - a +1 dagger of draining (weapon)
 g - a +0 dagger of freezing
Missiles
 q - 4 curare-tipped darts
Armour
 i - a +0 pair of gloves (worn)
 n - a +0 cloak (worn)
 x - a +0 robe (worn)
Jewellery
 d - an amulet of magic regeneration (around neck)
 f - a +6 ring of strength (right hand)
 m - a ring of ice
 v - a ring of protection from fire (left hand)
Wands
 u - a wand of paralysis (10)
 w - a wand of acid (10)
Scrolls
 b - a scroll of teleportation
 c - a scroll of identify {@r1}
 e - 2 scrolls of vulnerability {unknown}
 h - a scroll of noise {unknown}
 j - 2 scrolls of fog {unknown}
 k - 2 scrolls of magic mapping {unknown}
 p - 2 scrolls of blinking {unknown}
 r - a scroll of enchant armour {unknown}
 t - a scroll of fear {unknown}
 y - a scroll of amnesia {unknown}
 A - a scroll of holy word {unknown}
 C - a scroll of summoning
Potions
 l - 2 potions of curing
 o - a potion of mutation
 s - a potion of cancellation
 z - a potion of degeneration
 B - a potion of lignification {unknown}


   Skills:
 * Level 6.1 Dodging
 - Level 5.7 Stealth
 + Level 7.5 Spellcasting
 + Level 7.2 Conjurations
 - Level 13.0 Hexes


You had 9 spell levels left.
You knew the following spells:

 Your Spells              Type           Power      Damage    Failure   Level
a - Magic Dart            Conj           100%       1d8       1%          1
b - Searing Ray           Conj           90%        3d6       1%          2
c - Iskenderun's Mystic   Conj/Tloc      27%        2d7       14%         4
d - Fulminant Prism       Conj/Hex       28%        3d14      1%          4
e - Tukima's Dance        Hex            65%        N/A       1%          3

Your spell library contained the following spells:

 Spells                   Type           Power      Damage    Failure   Level
 Shock                    Conj/Air       100%       1d9       1%          1
 Corona                   Hex            72%        N/A       1%          1
 Ensorcelled Hibernation  Hex/Ice        82%        N/A       1%          2
 Confusing Touch          Hex            65%        N/A       1%          3
 Dazzling Flash           Conj/Hex       100%       N/A       1%          3
 Corpse Rot               Necr/Air       N/A        N/A       10%         2
 Sublimation of Blood     Necr           4%         N/A       10%         2
 Dispel Undead            Necr           9%         3d8       54%         4
 Agony                    Necr           9%         N/A       87%         5
 Excruciating Wounds      Necr           4%         N/A       87%         5


Dungeon Overview and Level Annotations

Branches:
Dungeon (9/15)             Temple (1/1) D:5            Lair (0/6) D:8
    Orc: D:9-12

Altars:
Ashenzari
Dithmenos
Elyvilon
Gozag
Hepliaklqana
Kikubaaqudgha
Nemelex Xobeh
Okawaru
Qazlal
Ru
Sif Muna
Trog
Uskayaw
Vehumet
Xom
Yredelemnul
Zin
The Shining One

Shops:
D:4 (

Annotations:
D:8 3 runed translucent doors, kd29's ghost, novice DrTm


Message History

The searing ray hits the wraith.
The wraith is lightly damaged. (Press . to maintain the ray.)
The wraith barely misses you.
The searing ray hits the wraith.
The wraith is moderately damaged.
The wraith hits you but does no damage.
The searing ray hits the wraith.
The wraith is moderately damaged.
The wraith hits you. The wraith drains your vigour!
You feel yourself slow down.
Damage: -13%(-6hp) hp: 87%(39hp)
The searing ray hits the wraith!
The wraith is severely damaged.
You finish channeling your searing ray.
The wraith closely misses you.
Unknown command.
Casting: Searing Ray (safe; 1% risk of failure)
Confirm with . or Enter, or press ? or * to list all spells.
Aiming: Searing Ray (safe; 1% risk of failure)
Press: ? - help, Shift-Dir - straight line, f/p - wraith
Aim: a wraith (severely damaged, 82% to hit)
The searing ray hits the wraith.
The wraith is severely damaged. (Press . to maintain the ray.)
The wraith hits you. The wraith drains your vigour!
You feel as though you will be slow longer.
The wraith hits you! The wraith drains your vigour!
You feel as though you will be slow longer.
Huge Dmg: -37%(-17hp) hp: 52%(23hp)
The searing ray hits the wraith but does no damage.
The wraith is severely damaged.
The wraith hits you.
Damage: -7%(-3hp) hp: 45%(20hp) Unknown command.
The searing ray hits the wraith.
The wraith is almost destroyed.
The wraith hits you!
* * * LOW HITPOINT WARNING * * *
The wraith hits you!
You die...

.........
#........
#######........
...............
...............
.......(.......
#...........
#...@.......
#....W..$...
+...........
#...########
####


You could see a wraith.

Vanquished Creatures
  A troll (D:8)
  A wyvern (D:7)
  2 steam dragons
  2 water moccasins (D:7)
  3 orc warriors
  A black bear (D:8)
  2 ogres
  A necrophage (D:5)
  4 wolves (D:8)
  A centaur (D:6)
  2 kobold brigands (D:8)
  3 scorpions
  A wyvern zombie (D:8)
  A water moccasin skeleton (D:7)
  10 killer bees (D:7)
  A howler monkey (D:4)
  2 electric eels (D:8)
  A centaur zombie (D:8)
  A bullfrog zombie (D:6)
  6 hounds
  2 orc priests (D:8)
  An iguana (D:6)
  2 orc wizards
  A killer bee zombie (D:8)
  A howler monkey skeleton (D:7)
  11 gnolls
  5 adders
  2 shadow imps
  A white imp (D:6)
  An adder skeleton (D:4)
  A worm (D:4)
  2 dart slugs
  13 orcs
  6 ball pythons
  9 bats
  9 endoplasms
  2 giant cockroaches
  17 goblins
  13 hobgoblins
  17 jackals
  6 quokkas
  3 frilled lizards
  13 kobolds
  10 rats
  A spectral kobold (D:5)
  A fulminant prism (D:5)
196 creatures vanquished.

Vanquished Creatures (collateral kills)
  Sigmund (D:5)
1 creature vanquished.

Vanquished Creatures (others)
  9 fulminant prisms
9 creatures vanquished.

Grand Total: 206 creatures vanquished

Notes
Turn   | Place    | Note
-------+----------+-------------------------------------------
     0 | D:1      | RepHenryClay the Deep Elf Conjurer began the quest for the
                  | Orb.
     0 | D:1      | Reached XP level 1. HP: 10/10 MP: 6/6
   206 | D:1      | Reached XP level 2. HP: 15/15 MP: 1/8
   229 | D:1      | Learned a level 2 spell: Searing Ray
   365 | D:1      | Reached skill level 5 in Conjurations
   495 | D:1      | Reached XP level 3. HP: 19/19 MP: 4/9
  1478 | D:2      | Reached XP level 4. HP: 24/24 MP: 8/10
  2687 | D:3      | Found a faded altar of an unknown god.
  3229 | D:4      | Found Bomn's Weapon Boutique.
  3367 | D:4      | Reached XP level 5. HP: 21/28 MP: 5/11
  3449 | D:4      | Learned a level 4 spell: Iskenderun's Mystic Blast
  3895 | D:4      | Learned a level 4 spell: Fulminant Prism
  4089 | D:4      | Found an ancient bone altar of Kikubaaqudgha.
  4142 | D:4      | Identified the +3 scale mail of Juleupui {Dex+6 SInv}
  4239 | D:4      | Reached skill level 5 in Spellcasting
  4314 | D:4      | Found a bloodstained altar of Trog.
  4534 | D:4      | Reached XP level 6. HP: 32/32 MP: 12/15
  4765 | D:5      | Entered Level 5 of the Dungeon
  4893 | D:5      | Found a staircase to the Ecumenical Temple.
  4908 | Temple   | Entered the Ecumenical Temple
  4952 | Temple   | Became a worshipper of Vehumet
  5022 | D:5      | Found a shadowy altar of Dithmenos.
  5190 | D:5      | Reached XP level 7. HP: 36/36 MP: 10/17
  5238 | D:5      | Learned a level 3 spell: Tukima's Dance
  5585 | D:5      | Noticed Sigmund
  5602 | D:5      | Killed Sigmund
  5603 | D:5      | Reached skill level 5 in Stealth
  5682 | D:5      | Found a hazy altar of Hepliaklqana.
  5770 | D:5      | Found a basalt altar of Yredelemnul.
  6160 | D:6      | Reached skill level 5 in Dodging
  6305 | D:6      | Reached skill level 1 in Hexes
  6306 | D:6      | Reached skill level 3 in Hexes
  6306 | D:6      | Reached XP level 8. HP: 41/41 MP: 8/20
  6636 | D:6      | Reached skill level 4 in Hexes
  6923 | D:7      | Noticed a deep elf pyromancer
  6934 | D:7      | Reached skill level 5 in Hexes
  7190 | D:7      | Reached skill level 6 in Hexes
  7419 | D:7      | Reached skill level 7 in Hexes
  7419 | D:7      | Reached * piety under Vehumet
  7419 | D:7      | Offered knowledge of Sandblast by Vehumet.
  7422 | D:7      | Reached skill level 8 in Hexes
  7428 | D:7      | Reached skill level 9 in Hexes
  7704 | D:7      | Reached XP level 9. HP: 45/45 MP: 14/21
  7892 | D:7      | Reached skill level 10 in Hexes
  8408 | D:8      | Reached skill level 11 in Hexes
  8600 | D:8      | Reached skill level 12 in Hexes
  8693 | D:8      | Found a staircase to the Lair.
  8774 | D:8      | Offered knowledge of Shock by Vehumet.
  8872 | D:8      | Reached ** piety under Vehumet
  8873 | D:8      | Reached skill level 13 in Hexes
  9381 | D:8      | Found a runed translucent gate.
  9381 | D:8      | Found a runed translucent gate.
  9381 | D:8      | Found a runed translucent gate.
  9383 | D:8      | Found an opulent altar of Gozag.
  9397 | D:8      | Noticed a troll
  9408 | D:8      | Killed a troll
  9497 | D:8      | Noticed kd29's ghost (novice DrTm)
  9686 | D:8      | Noticed an ettin
  9726 | D:9      | Slain by a wraith

Illustrated notes

Levels and vault maps discovered:
D:1:      dpeg_arrival_solitude, layout_loops_cross
D:2:      cheibrodos_greedy_goblins, layout_loops_cross,
          wad_floor_pattern_untrapped, minmay_heptomino_o4
D:3:      layout_basic, hellmonk_ecumenical_altar_crossroads,
          nicolae_underground_beach
D:4:      layout_gridville, kennysheep_mini_moat, lightli_temple_of_fire,
          serial_shops, nicolae_shop_crystal, serial_bayou_lagoon_a,
          minmay_cupped
D:5:      layout_basic, nicolae_hepliaklqana_monster_ancestors,
          amcnicky_altar_gilded, yredelemnul_altar_generic,
          minmay_temple_entry_slanted, kennysheep_big_empty_room, uniq_sigmund
D:6:      layout_cave_pools
D:7:      layout_basic, grunt_ministairs_11
D:8:      layout_basic, erik_lair_island, ebering_ghost_gozag,
          mrwooster_statue_mirror
D:9:      layout_basic, overflow_temple_1_default, biasface_ghost_orc_armoury,
          uniq_grum, uniq_erica, uniq_joseph
Temple:   kb_temple_of_zot

Skill      XL: |  1  2  3  4  5  6  7  8  9 |
---------------+----------------------------+-----
Conjurations   | 5 7 |  7.2
Spellcasting   | 5 7 |  7.5
Dodging        | 4 5 6 |  6.1
Stealth        | 4 5 |  5.7
Hexes          | 3 9 13 | 13.0

Action                   |  1- 3 |  4- 6 |  7- 9 || total
-------------------------+-------+-------+-------++-------
Melee: Unarmed           |    22 |       |       ||    22
       Dagger            |       |    13 |    19 ||    32
 Cast: Magic Dart        |    67 |    97 |    93 ||   257
       Searing Ray       |     2 |    15 |    49 ||    66
       Fulminant Prism   |       |       |    10 ||    10
       Tukima's Dance    |       |       |     2 ||     2
       Iskenderun's Myst |       |       |     1 ||     1
Evoke: Wand              |       |       |     1 ||     1
  Use: Potion            |       |       |     4 ||     4
       Scroll            |       |       |     6 ||     6
Armor: Robe              |     6 |     3 |    13 ||    22
Dodge: Dodged            |    26 |    21 |    73 ||   120

Table legend: (Time is in decaauts)
 A = Elapsed time spent in this place.
 B = Non-inter-level travel time spent in this place.
 C = Inter-level travel time spent in this place.
 D = Time resting spent in this place.
 E = Time spent auto-exploring this place.
 F = Levels seen in this place.
 G = Mean time per level.
                   A        B        C        D        E       F      G
               +--------+--------+--------+--------+--------+-----+--------+
         Total |   9713 |   9406 |    307 |   1511 |   6778 |  10 |  971.3 |
       Dungeon |   9637 |   9362 |    275 |   1511 |   6740 |   9 | 1070.8 |
        Temple |     76 |     44 |     32 |      0 |     38 |   1 |   76.0 |
               +--------+--------+--------+--------+--------+-----+--------+

Top non-repeatable levels by time:
     D:4: 1589 daAuts
     D:8: 1348 daAuts
     D:7: 1307 daAuts
     D:1: 1283 daAuts
     D:5: 1238 daAuts
     D:2: 1028 daAuts
     D:6: 924 daAuts
     D:3: 908 daAuts
  Temple: 76 daAuts
     D:9: 8 daAuts
